3AA
ATLANTIC CITY SONICS @ SPRINGFIELD SHOOTERS
09/05/2025
 
TOP OF THE 1ST
Atlantic City Sonics batting - Pitching for Springfield Shooters : RHP Roy Gartner
Pitching: RHP Roy Gartner
Batting: RHB José López 0-0: Swinging Strike
0-1: Ball
1-1: Called Strike
1-2: Strikes out swinging
Batting: RHB Gianpaolo Monachino 0-0: Ball
1-0: Ball
2-0: Ball
3-0: Base on Balls
Batting: RHB John Schnatter 0-0: Ball
1-0: Ball
Gianpaolo Monachino steals 2nd base
2-0: Called Strike
2-1: Ball
3-1: Base on Balls
Batting: RHB Nobuhiko Nakayama 0-0: Ball
1-0: Called Strike
Gianpaolo Monachino steals 3rd base
John Schnatter to second
1-1: Swinging Strike
1-2: Ball
2-2: Strikes out swinging
Batting: LHB José Cordero 0-0: Ball
1-0: Foul Ball, location: 2F
1-1: Fly out, F9 (Flyball, 9LM)
Top of the 1st over - 0 run(s), 0 hit(s), 0 error(s), 2 left on base; Atlantic City 0 - Springfield 0
BOTTOM OF THE 1ST
Springfield Shooters batting - Pitching for Atlantic City Sonics : LHP Rob Smith
Pitching: LHP Rob Smith
Batting: RHB Marcos Adame 0-0: Ball
1-0: Swinging Strike
1-1: Ball
2-1: Fly out, F8 (Flyball, 8RM)
Batting: LHB Gabriel Díaz 0-0: Ball
1-0: Called Strike
1-1: Foul Ball, location: 2F
1-2: Fly out, F7 (Flyball, 78M)
Batting: RHB Tripp Donahue 0-0: Foul Ball, location: 2F
0-1: Ball
1-1: Ball
2-1: Ball
3-1: Called Strike
3-2: Base on Balls
Batting: RHB Fernando Rivera 0-0: Ball
1-0: Fielders Choice at 2nd, 6-4 (Groundball, 6)
Bottom of the 1st over - 0 run(s), 0 hit(s), 0 error(s), 0 left on base; Atlantic City 0 - Springfield 0
TOP OF THE 2ND
Atlantic City Sonics batting - Pitching for Springfield Shooters : RHP Roy Gartner
Batting: RHB Kent Summey 0-0: Ball
1-0: Called Strike
1-1: Foul Ball, location: 2F
1-2: SOLO HOME RUN (Flyball, 7D), Distance : 376 ft
Batting: RHB Julián García 0-0: Foul Ball, location: 2F
0-1: Ball
1-1: Swinging Strike
1-2: Ball
2-2: Foul Ball, location: 2F
2-2: Ball
3-2: Base on Balls
Batting: LHB Todd Blankenburg 0-0: Ball
1-0: Called Strike
1-1: Fly out, F8 (Flyball, 8RM)
Batting: RHB Jorge Figueroa 0-0: Foul Ball, location: 2F
0-1: Foul Ball, location: 2F
0-2: Foul Ball, location: 2F
0-2: Ball
1-2: Foul Ball, location: 2F
1-2: Foul Ball, location: 2F
1-2: Ball
2-2: Ground out 4-3 (Groundball, 4MD)
Julián García to second
Batting: RHB José López 0-0: Ball
1-0: Foul Ball, location: 2F
1-1: Foul Ball, location: 2F
1-2: Fly out, F7 (Flyball, 7)
Top of the 2nd over - 1 run(s), 1 hit(s), 0 error(s), 1 left on base; Atlantic City 1 - Springfield 0
BOTTOM OF THE 2ND
Springfield Shooters batting - Pitching for Atlantic City Sonics : LHP Rob Smith
Batting: LHB John Ennis 0-0: Ball
1-0: Ball
2-0: Ball
3-0: Called Strike
3-1: Base on Balls
Batting: RHB Bubba Blevins 0-0: Ball
1-0: Swinging Strike
1-1: Ball
2-1: Fielders Choice at 2nd, 6-4 (Groundball, 6)
Batting: RHB Grady Walkinshaw 0-0: Ball
1-0: Grounds into double play, 6-4-3 (Groundball, 6)
Bottom of the 2nd over - 0 run(s), 0 hit(s), 0 error(s), 0 left on base; Atlantic City 1 - Springfield 0
TOP OF THE 3RD
Atlantic City Sonics batting - Pitching for Springfield Shooters : RHP Roy Gartner
Batting: RHB Gianpaolo Monachino 0-0: Foul Ball, location: 2F
0-1: Swinging Strike
0-2: Ball
1-2: Ground out 1-3 (Groundball, 13)
Batting: RHB John Schnatter 0-0: Ball
1-0: Foul Ball, location: 2F
1-1: Foul Ball, location: 2F
1-2: Ball
2-2: Foul Ball, location: 2F
2-2: Ball
3-2: SINGLE (Groundball, 4MD)
Batting: RHB Nobuhiko Nakayama 0-0: SINGLE (Line Drive, 9S)
John Schnatter to second
Batting: LHB José Cordero 0-0: Fly out, F9 (Flyball, 9LS)
Batting: RHB Kent Summey 0-0: Swinging Strike
0-1: Fielders Choice at 2nd, 4-6 (Groundball, 4)
Top of the 3rd over - 0 run(s), 2 hit(s), 0 error(s), 1 left on base; Atlantic City 1 - Springfield 0
BOTTOM OF THE 3RD
Springfield Shooters batting - Pitching for Atlantic City Sonics : LHP Rob Smith
Batting: RHB Ty Struck 0-0: Foul Ball, location: 2F
0-1: Fly out, F9 (Line Drive, 9)
Batting: RHB Javier De Jesús 0-0: Ball
1-0: Called Strike
1-1: Foul Ball, location: 2F
1-2: Ball
2-2: SINGLE (Line Drive, 7S)
Batting: RHB Marcos Adame 0-0: Ball
1-0: Ball
2-0: Foul Ball, location: 2F
2-1: DOUBLE (Line Drive, 78D)
Javier De Jesús to third
Batting: LHB Gabriel Díaz 0-0: Ball
1-0: Called Strike
1-1: SINGLE (Flyball, 7S)
Javier De Jesús scores
Marcos Adame to third
Runner from 3rd tries for Home, throw and OUT!
Gabriel Díaz to second
Batting: RHB Tripp Donahue 0-0: Ground out 6-3 (Groundball, 6)
Bottom of the 3rd over - 1 run(s), 3 hit(s), 0 error(s), 1 left on base; Atlantic City 1 - Springfield 1
TOP OF THE 4TH
Atlantic City Sonics batting - Pitching for Springfield Shooters : RHP Roy Gartner
Batting: RHB Julián García 0-0: Foul Ball, location: 2F
0-1: Ball
1-1: Ball
2-1: Ball
3-1: Base on Balls
Batting: LHB Todd Blankenburg 0-0: Ball
1-0: Called Strike
1-1: Ball
2-1: Ball
3-1: Fly out, F7 (Flyball, 7LSF)
Batting: RHB Jorge Figueroa 0-0: 2-RUN HOME RUN (Flyball, 78XD), Distance : 417 ft
Batting: RHB José López 0-0: Called Strike
0-1: Ball
1-1: Ball
2-1: Foul Ball, location: 2F
2-2: Ball
3-2: Foul Ball, location: 2F
3-2: Fly out, F9 (Flyball, 9S)
Batting: RHB Gianpaolo Monachino 0-0: Called Strike
0-1: Foul Ball, location: 2F
0-2: Ball
1-2: Strikes out swinging
Top of the 4th over - 2 run(s), 1 hit(s), 0 error(s), 0 left on base; Atlantic City 3 - Springfield 1
BOTTOM OF THE 4TH
Springfield Shooters batting - Pitching for Atlantic City Sonics : LHP Rob Smith
Batting: RHB Fernando Rivera 0-0: Ball
1-0: Ball
2-0: Foul Ball, location: 2F
2-1: Called Strike
2-2: Foul Ball, location: 2F
2-2: Ball
3-2: Base on Balls
Batting: LHB John Ennis 0-0: Ball
Passed Ball!
Fernando Rivera to second
1-0: Swinging Strike
1-1: Ball
2-1: Foul Ball, location: 2F
2-2: Foul Ball, location: 2F
2-2: Ball
3-2: Fly out, F8 (Flyball, 89M)
Batting: RHB Bubba Blevins 0-0: Called Strike
0-1: Called Strike
0-2: SINGLE (Groundball, 6MS) (infield hit)
Fernando Rivera to third
Batting: RHB Grady Walkinshaw 0-0: Ball
1-0: Ball
2-0: Called Strike
2-1: Ball
3-1: Swinging Strike
3-2: Fly out, F8 (Flyball, 8LM)
Runner from 3rd tags up, SCORES, throw made
Batting: RHB Ty Struck 0-0: Called Strike
0-1: Foul Ball, location: 2F
0-2: Ball
1-2: Foul Ball, location: 2F
1-2: Ball
2-2: Ball
3-2: Base on Balls
Bubba Blevins to second
Batting: RHB Javier De Jesús 0-0: Ground out 1-3 (Groundball, 15)
Bottom of the 4th over - 1 run(s), 1 hit(s), 0 error(s), 2 left on base; Atlantic City 3 - Springfield 2
TOP OF THE 5TH
Atlantic City Sonics batting - Pitching for Springfield Shooters : RHP Roy Gartner
Batting: RHB John Schnatter 0-0: Swinging Strike
0-1: Ball
1-1: Ball
2-1: Ball
3-1: Called Strike
3-2: Base on Balls
Batting: RHB Nobuhiko Nakayama 0-0: Swinging Strike
0-1: Swinging Strike
0-2: Foul Ball, location: 2F
0-2: Ball
1-2: Strikes out swinging
Batting: LHB José Cordero 0-0: Ball
John Schnatter steals 2nd base
1-0: Ball
2-0: Ball
3-0: Called Strike
3-1: Base on Balls
Batting: RHB Kent Summey 0-0: Called Strike
0-1: Ball
1-1: Grounds into double play, 4-6-3 (Groundball, 4)
Top of the 5th over - 0 run(s), 0 hit(s), 0 error(s), 1 left on base; Atlantic City 3 - Springfield 2
BOTTOM OF THE 5TH
Springfield Shooters batting - Pitching for Atlantic City Sonics : LHP Rob Smith
Batting: RHB Marcos Adame 0-0: Ball
1-0: Called Strike
1-1: Fly out, F4 (Popup, 34D)
Batting: LHB Gabriel Díaz 0-0: Ground out U3 (Groundball, 34)
Batting: RHB Tripp Donahue 0-0: Called Strike
0-1: Swinging Strike
0-2: Foul Ball, location: 2F
0-2: Ball
1-2: Ball
2-2: Ball
3-2: Foul Ball, location: 2F
3-2: SINGLE (Groundball, 6MD)
Batting: RHB Fernando Rivera 0-0: Ball
1-0: Fielders Choice at 2nd, 6-4 (Groundball, 6)
Bottom of the 5th over - 0 run(s), 1 hit(s), 0 error(s), 0 left on base; Atlantic City 3 - Springfield 2
TOP OF THE 6TH
Atlantic City Sonics batting - Pitching for Springfield Shooters : RHP Roy Gartner
Batting: RHB Julián García 0-0: Called Strike
0-1: Called Strike
0-2: Strikes out swinging
Batting: LHB Todd Blankenburg 0-0: Ball
1-0: Swinging Strike
1-1: Ground out 6-3 (Groundball, 6)
Batting: RHB Jorge Figueroa 0-0: Called Strike
0-1: Foul Ball, location: 2F
0-2: Strikes out looking
Top of the 6th over - 0 run(s), 0 hit(s), 0 error(s), 0 left on base; Atlantic City 3 - Springfield 2
BOTTOM OF THE 6TH
Springfield Shooters batting - Pitching for Atlantic City Sonics : LHP Rob Smith
Batting: LHB John Ennis 0-0: Ball
1-0: Called Strike
1-1: Called Strike
1-2: Foul Ball, location: 2F
1-2: Strikes out swinging
Batting: RHB Bubba Blevins 0-0: Ball
1-0: SINGLE (Flyball, 8RS)
Batting: RHB Grady Walkinshaw 0-0: Ball
1-0: Ball
2-0: SINGLE (Line Drive, 7LS)
Bubba Blevins to second
Batting: RHB Ty Struck 0-0: Ball
1-0: Called Strike
1-1: Fielders Choice at 2nd, 1-6 (Groundball, 13S)
Bubba Blevins to third
Pitching: RHP Pepe Cabrera
Batting: RHB Javier De Jesús 0-0: Swinging Strike
0-1: Called Strike
0-2: SINGLE (Line Drive, 6M)
Bubba Blevins scores
Ty Struck to second
Batting: RHB Marcos Adame 0-0: Ball
1-0: DOUBLE (Line Drive, 7LM)
Ty Struck scores
Javier De Jesús to third
Runner from 3rd tries for Home, SAFE, no throw
Batting: LHB Gabriel Díaz 0-0: Foul Ball, location: 2F
0-1: Foul Ball, location: 2F
0-2: Ball
1-2: Strikes out looking
Bottom of the 6th over - 3 run(s), 4 hit(s), 0 error(s), 1 left on base; Atlantic City 3 - Springfield 5
TOP OF THE 7TH
Atlantic City Sonics batting - Pitching for Springfield Shooters : RHP Roy Gartner
Batting: RHB José López 0-0: Fly out, F5 (Line Drive, 5S)
Batting: RHB Gianpaolo Monachino 0-0: Ball
1-0: Reached on error, E6 (Groundball, 6)
Pitching: LHP Tim Allen
Batting: RHB John Schnatter 0-0: Foul Ball, location: 2F
0-1: Called Strike
0-2: Ball
1-2: Ball
2-2: SINGLE (Flyball, 7S)
Gianpaolo Monachino to third
Runner from 3rd tries for Home, SAFE, throw made home
John Schnatter to second
Batting: RHB Nobuhiko Nakayama 0-0: Called Strike
0-1: Called Strike
0-2: Ball
1-2: Ground out 5-3 (Groundball, 56S)
John Schnatter to third
Pinch Hitting: RHB Nelson Torez 0-0: Called Strike
0-1: Called Strike
0-2: Ball
1-2: Fly out, F4 (Line Drive, 4M)
Top of the 7th over - 1 run(s), 1 hit(s), 1 error(s), 1 left on base; Atlantic City 4 - Springfield 5
BOTTOM OF THE 7TH
Springfield Shooters batting - Pitching for Atlantic City Sonics : RHP Pepe Cabrera
Now at 1B: Nelson Torez
Batting: RHB Tripp Donahue 0-0: Ball
1-0: Called Strike
1-1: Ball
2-1: Called Strike
2-2: Strikes out swinging
Batting: RHB Fernando Rivera 0-0: Called Strike
0-1: SOLO HOME RUN (Flyball, 78XD), Distance : 391 ft
Batting: LHB John Ennis 0-0: Called Strike
0-1: Called Strike
0-2: Foul Ball, location: 2F
0-2: Ground out 4-3 (Groundball, 4)
Batting: RHB Bubba Blevins 0-0: Ball
1-0: Swinging Strike
1-1: Ground out 5-3 (Groundball, 56S)
Bottom of the 7th over - 1 run(s), 1 hit(s), 0 error(s), 0 left on base; Atlantic City 4 - Springfield 6
TOP OF THE 8TH
Atlantic City Sonics batting - Pitching for Springfield Shooters : LHP Tim Allen
Batting: RHB Kent Summey 0-0: Ball
1-0: Foul Ball, location: 2F
1-1: Ball
2-1: Ground out 4-3 (Groundball, 4D)
Batting: RHB Julián García 0-0: Called Strike
0-1: Fly out, F7 (Flyball, 7S)
Batting: LHB Todd Blankenburg 0-0: Ball
1-0: Called Strike
1-1: Foul Ball, location: 2F
1-2: SINGLE (Groundball, 34D)
Pitching: RHP Dustin Richmond
Batting: RHB Jorge Figueroa 0-0: Ball
1-0: Ball
2-0: Called Strike
2-1: Foul Ball, location: 2F
2-2: Strikes out swinging
Top of the 8th over - 0 run(s), 1 hit(s), 0 error(s), 1 left on base; Atlantic City 4 - Springfield 6
BOTTOM OF THE 8TH
Springfield Shooters batting - Pitching for Atlantic City Sonics : RHP Pepe Cabrera
Batting: RHB Grady Walkinshaw 0-0: Single, Error in OF, E7, batter to second base
Batting: RHB Ty Struck 0-0: Called Strike
0-1: Foul Ball, location: 2F
0-2: Strikes out swinging
Batting: RHB Javier De Jesús 0-0: Intentional Walk
Pinch Hitting: RHB Roberto Alonzo 0-0: Called Strike
0-1: Called Strike
0-2: Ball
1-2: Ball
2-2: Strikes out swinging
Batting: LHB Gabriel Díaz 0-0: Ground out U3 (Groundball, 3S)
Bottom of the 8th over - 0 run(s), 1 hit(s), 1 error(s), 2 left on base; Atlantic City 4 - Springfield 6
TOP OF THE 9TH
Atlantic City Sonics batting - Pitching for Springfield Shooters : RHP Dustin Richmond
Pitching: LHP Walt Cooley
Now in CF: Steve Ladner
Batting: RHB José López 0-0: Called Strike
0-1: Ball
1-1: Foul Ball, location: 2F
1-2: Ball
2-2: Foul Ball, location: 2F
2-2: Foul Ball, location: 2F
2-2: Ground out 6-3 (Groundball, 6)
Batting: RHB Gianpaolo Monachino 0-0: Called Strike
0-1: Foul Ball, location: 2F
0-2: Strikes out looking
Batting: RHB John Schnatter 0-0: Called Strike
0-1: Fly out, F8 (Flyball, 8RM)
Top of the 9th over - 0 run(s), 0 hit(s), 0 error(s), 0 left on base; Atlantic City 4 - Springfield 6
Friday, December 30th, 2016 - OOTP Baseball 17.12 Build 75